 Dungeon Crawl Stone Soup version 0.24-a0-525-g9231cdcba1 (webtiles) character file.

Game seed: 12725516629627480330

62 BinkBink the Cudgeler (level 3, -3/34 HPs)
             Began as a Deep Dwarf Berserker on Aug 4, 2019.
             Was a Believer of Trog.
             Slain by an orc warrior
             ... wielding a +0 flail
              (10 damage)
             ... on level 3 of the Dungeon.
             The game lasted 00:03:09 (1193 turns).

BinkBink the Cudgeler (Deep Dwarf Berserker)        Turns: 1193, Time: 00:03:10

Health: -3/34      AC:  9    Str: 21    XL:     3   Next: 85%
Magic:  0/3        EV:  6    Int:  7    God:    Trog [**....]
Gold:   105        SH:  3    Dex: 12    Spells: 2/2 levels left

rFire    . . .     SeeInvis .   a - +1 mace
rCold    . . .     Gourm    .   o - +0 buckler
rNeg     . . .     Faith    .   l - -2 plate armour
rPois    .         Spirit   +   (no helmet)
rElec    .         Reflect  .   (no cloak)
rCorr    .         Harm     .   (no gloves)
MR       ++...                  (no boots)
Stlth    ..........             n - amulet of guardian spirit
HPRegen  1.00/turn              (no ring)
MPRegen  0.08/turn              (no ring)

@: non-regenerating
A: damage resistance, heal wounds, sense surroundings 1, no regeneration
a: Heal Wounds, Berserk, Trog's Hand, Renounce Religion


You were on level 3 of the Dungeon.
You worshipped Trog.
Trog was pleased with you.
You were very hungry.

You visited 1 branch of the dungeon, and saw 3 of its levels.

You collected 105 gold pieces.

Inventory:

Hand Weapons
 a - a +1 mace (weapon)
Armour
 b - a +0 animal skin
 k - a +0 ring mail
 l - a -2 plate armour (worn)
 o - a +0 buckler (worn)
Jewellery
 n - an amulet of guardian spirit (around neck)
Scrolls
 d - 2 scrolls of teleportation
 f - 3 scrolls of magic mapping
 i - 3 scrolls of identify
Potions
 e - a potion of might {unknown}
 g - a potion of agility {unknown}
 h - 3 potions of curing {unknown}
 j - 2 potions of flight {unknown}
 q - a potion of degeneration {unknown}
Comestibles
 c - 5 rations


   Skills:
 + Level 3.2 Fighting
 + Level 3.7 Maces & Flails
 + Level 2.5 Armour
 + Level 2.8 Dodging
 + Level 0.4 Stealth


You had 2 spell levels left.
You didn't know any spells.
Your spell library contained the following spells:

 Spells                   Type           Power        Failure   Level  Hunger
 Animate Skeleton         Necr           N/A          100%        1    ##.....
 Apportation              Tloc           #.....       100%        1    ##.....
 Confusing Touch          Hex            #.....       100%        1    ##.....
 Summon Small Mammal      Summ           #...         100%        1    ##.....


Dungeon Overview and Level Annotations

Branches:
Dungeon (3/15)

Altars:
Nemelex Xobeh
Sif Muna


Innate Abilities, Weirdness & Mutations

You are resistant to damage.
You can heal yourself by infusing magical energy.
You passively map a small area around you.
You do not regenerate.


Message History

Your skin crawls.
You feel resistant to hostile enchantments.
You feel somewhat more hungry.
The orc warrior hits you with a +0 flail!
You feel much better.
The orc warrior hits you with a +0 flail.
You hit the orc warrior.
The orc warrior is heavily wounded.
The orc wizard gestures wildly while chanting.
The orc wizard flickers and vanishes!
Deactivating autopickup; reactivate with Ctrl-A.
The orc warrior hits you with a +0 flail!!
You sock the orc warrior!
The orc warrior is severely wounded.
The orc warrior hits you with a +0 flail!
* * * LOW HITPOINT WARNING * * *
You closely miss the orc warrior.
The orc warrior is severely wounded.
The orc warrior hits you with a +0 flail!
You die...

* ,* , .. *#.#**
#.# * * #, #.# #)#
#.# ##...###.# *,#
, ,
...(.....####.#####
!......S{o@.......
*
.##..###r####.#####
* ......#.......#
.....or#.###..## ,
, .......#o.......
,o.>...#....o..#.
....$.#o........ *
, .......<.#.###..
, , .........#... .


You could see an orc warrior, an adder and a rat.

Vanquished Creatures
  2 adders (D:2)
  A dart slug (D:1)
  4 bats (D:1)
  2 giant cockroaches
  3 goblins
  7 hobgoblins
  6 jackals
  3 kobolds
  3 frilled lizards (D:1)
  8 rats
39 creatures vanquished.

Notes
Turn   | Place    | Note
-------+----------+-------------------------------------------
     0 | D:1      | BinkBink the Deep Dwarf Berserker began the quest for the
                  | Orb.
     0 | D:1      | Reached XP level 1. HP: 20/20 MP: 1/1
    97 | D:1      | Reached XP level 2. HP: 15/28 MP: 2/2
   452 | D:1      | Reached XP level 3. HP: 34/34 MP: 3/3
   636 | D:2      | Found a sparkling altar of Nemelex Xobeh.
   709 | D:2      | Found a faded altar of an unknown god.
   721 | D:2      | Reached ** piety under Trog
   730 | D:2      | Found a deep blue altar of Sif Muna.
  1175 | D:3      | Noticed an orc warrior
  1193 | D:3      | Slain by an orc warrior

Levels and vault maps discovered:
D:1:      nzn_arrival_depleted_hourglass, layout_basic
D:2:      layout_basic, overflow_temple_1_default,
          chequers_ecumenical_altar_simple, first_ration, supply_closet_lemuel,
          hangedman_decor_clover_reticule, nemelex_spade_bored_becter
D:3:      layout_loops_ring, roderic_lattice_a, st_stairs_5

Skill      XL: |  1 |
---------------+----+-----
Fighting       | 3 |  3.2
Maces & Flails | |  3.7
Armour         | |  2.5
Dodging        | |  2.8
Stealth        | |  0.4

Action                   || total
-------------------------++-------
Melee: Mace              ||   112
Invok: Trog's Hand       ||     1
 Abil: Heal Wounds       ||     2
  Use: Scroll            ||     5
Armor: Animal skin       ||     4
       Plate armour      ||    28
       Ring mail         ||     1
Dodge: Dodged            ||    59
Block: Buckler           ||     9

Table legend:
 A = Non-vault XP
 B = Vault XP
 C = Vault XP percentage of total XP
 D = Non-vault monster count
 E = Vault monster count
 F = Vault count percentage of total count
                 A         B        C        D         E       F
            +---------+---------+-------+---------+---------+-------
      Total |      89 |       0 |   0.0 |      39 |       0 |   0.0
            +---------+---------+-------+---------+---------+-------
        D:1 |      46 |       0 |   0.0 |      27 |       0 |   0.0
        D:2 |      43 |       0 |   0.0 |      12 |       0 |   0.0
            +---------+---------+-------+---------+---------+-------
